 Dungeon Crawl Stone Soup version 0.22-a0-284-g99d1f74 (webtiles) character file.

168 mhoghedin the Slinger (level 5, -13/34 HPs)
             Began as a Halfling Hunter on Mar 23, 2018.
             Mangled by Crazy Yiuf
             ... wielding a +2 quarterstaff of chaos
              (14 damage)
             ... on level 2 of the Dungeon.
             The game lasted 00:02:42 (2048 turns).

mhoghedin the Slinger (Halfling Hunter)             Turns: 2048, Time: 00:02:42

Health: -13/34     AC:  4    Str: 11 (14) XL:     5   Next: 78%
Magic:  5/5        EV: 14    Int:  6 (9)  God:
Gold:   63         SH:  0    Dex: 13 (15) Spells: 4/4 levels left

rFire    . . .     SeeInvis .   a - +1 hunting sling
rCold    . . .     Gourm    .   (shield restricted)
rNeg     . . .     Faith    .   c - +0 leather armour
rPois    .         Spirit   .   (no helmet)
rElec    .         Reflect  .   (no cloak)
rCorr    .         Harm     .   o - +0 pair of gloves
MR       .....                  (no boots)
Stlth    +.........             (no amulet)
HPRegen  0.11/turn              (no ring)
MPRegen  0.09/turn              (no ring)

@: lethally poisoned (-13 -> -16), flying, hasted and slowed
A: small, mutation resistance 1
a: no special abilities


You were on level 2 of the Dungeon.
You were not hungry.

You visited 1 branch of the dungeon, and saw 2 of its levels.

You collected 63 gold pieces.

Inventory:

Hand Weapons
 a - a +1 hunting sling (weapon)
 b - a +0 short sword
Missiles
 h - 39 stones (quivered)
Armour
 c - a +0 leather armour (worn)
 o - a +0 pair of gloves (worn)
   (You found it on level 1 of the Dungeon)
 q - a +0 helmet
   (You took it off Robin on level 2 of the Dungeon)
Jewellery
 p - a cursed -2 ring of evasion {unknown}
   (You took it off a hobgoblin on level 2 of the Dungeon)
Scrolls
 i - 2 scrolls of enchant armour {unknown}
 j - 4 scrolls of teleportation {unknown}
 k - a scroll of identify {unknown}
 l - a scroll of immolation {unknown}
 m - a scroll of amnesia {unknown}
 n - a scroll of remove curse {unknown}
 r - a scroll of magic mapping {unknown}
Potions
 e - 2 potions of degeneration {!q}
Comestibles
 f - 4 rations


   Skills:
 - Level 1.7 Fighting
 + Level 9.5 Slings
 - Level 2.1 Dodging
 - Level 1.1 Stealth


You had 4 spell levels left.
You didn't know any spells.

Dungeon Overview and Level Annotations

Branches:
Dungeon (2/15)

Altars:

Annotations:
D:2 Crazy Yiuf


Innate Abilities, Weirdness & Mutations

You are small and have problems with some larger weapons.
You are somewhat resistant to further mutation.


Message History

d - 2 sling bullets (gained 1)
You see here a rat corpse.
There is a stone staircase leading down, spattered with blood here.
You see here a goblin skeleton.
Things that are here:
a short sword; a kobold corpse Partly explored, unopened runed door.
Partly explored, unopened runed door.
As you open the door, it creaks loudly!
Crazy Yiuf the Enlightened comes into view.
He is wielding a quarterstaff of chaos.
Crazy Yiuf whimpers, "Gum sow chair!"
You aren't carrying any items that you can evoke.
Firing (i - inventory. (/) - cycle)
d - 2 sling bullets (quivered)
Aim: Crazy Yiuf, wielding a quarterstaff of chaos and wearing an embroidered cloak You shoot a sling bullet.
The sling bullet hits Crazy Yiuf!
Crazy Yiuf says, "Snurf!"
Firing (i - inventory. (/) - cycle)
d - a sling bullet (quivered)
Aim: Crazy Yiuf, wielding a quarterstaff of chaos and wearing an embroidered cloak (heavily wounded)
You shoot a sling bullet. The sling bullet hits Crazy Yiuf.
Firing (i - inventory)
h - 47 stones (quivered)
Aim: Crazy Yiuf, wielding a quarterstaff of chaos and wearing an embroidered cloak (almost dead)
You shoot a stone. The stone completely misses Crazy Yiuf.
Firing (i - inventory)
h - 46 stones (quivered)
Aim: Crazy Yiuf, wielding a quarterstaff of chaos and wearing an embroidered cloak (almost dead)
You shoot a stone. The stone closely misses Crazy Yiuf.
Crazy Yiuf grits, "Gum!"
Crazy Yiuf hits you with a quarterstaff of chaos!
You are poisoned.
You take 9 damage, and have 25/34 hp.
MASSIVE DAMAGE!!
Firing (i - inventory)
h - 45 stones (quivered)
Aim: Crazy Yiuf, wielding a quarterstaff of chaos and wearing an embroidered cloak (almost dead)
You shoot a stone.
The stone hits Crazy Yiuf but does no damage.
You feel sick. Crazy Yiuf barely misses you.
Firing (i - inventory)
h - 44 stones (quivered)
Aim: Crazy Yiuf, wielding a quarterstaff of chaos and wearing an embroidered cloak (almost dead)
You shoot a stone. The stone closely misses Crazy Yiuf.
You feel sick.
You take 1 damage, and have 24/34 hp.
Firing (i - inventory)
h - 43 stones (quivered)
Aim: Crazy Yiuf, wielding a quarterstaff of chaos and wearing an embroidered cloak (almost dead)
You shoot a stone. The stone hits Crazy Yiuf.
You feel sick.
Crazy Yiuf screams, "Whiteboard!
You high eyeball."
Crazy Yiuf hits you with a quarterstaff of chaos!
You feel yourself slow down.
You take 9 damage, and have 15/34 hp.
MASSIVE DAMAGE!!
You are too injured to fight recklessly!
You are too injured to fight recklessly!
You feel sick.
Crazy Yiuf says, "Walk!
Mountain Xom pizzabubble."
You take 1 damage, and have 14/34 hp.
Firing (i - inventory)
h - 42 stones (quivered)
Aim: Crazy Yiuf, wielding a quarterstaff of chaos and wearing an embroidered cloak (almost dead)
You shoot a stone.
The stone hits Crazy Yiuf but does no damage.
You feel sick.
Crazy Yiuf cries, "Trifle!"
Crazy Yiuf barely misses you.
You take 1 damage, and have 13/34 hp.
You feel sick. Crazy Yiuf barely misses you.
You take 1 damage, and have 12/34 hp.
Firing (i - inventory)
h - 41 stones (quivered)
Aim: Crazy Yiuf, wielding a quarterstaff of chaos and wearing an embroidered cloak (almost dead)
You shoot a stone. The stone barely misses Crazy Yiuf.
You feel sick.
You take 1 damage, and have 11/34 hp.
Firing (i - inventory)
h - 40 stones (quivered)
Aim: Crazy Yiuf, wielding a quarterstaff of chaos and wearing an embroidered cloak (almost dead)
You shoot a stone. The stone barely misses Crazy Yiuf.
Crazy Yiuf hits you with a quarterstaff of chaos.
* * * LOW HITPOINT WARNING * * *
Crazy Yiuf freezes you.
* * * LOW HITPOINT WARNING * * *
Crazy Yiuf hits you with a quarterstaff of chaos.
* * * LOW HITPOINT WARNING * * *
You feel yourself speed up.
You take 7 damage, and have 4/34 hp.
MASSIVE DAMAGE!!
It was a potion of degeneration.
There was something very wrong with that liquid.
You feel weakened.
You feel dopey.
You feel clumsy.
* * * LOW HITPOINT WARNING * * *
You feel sick.
You take 1 damage, and have 3/34 hp.
Unknown command.
It was a potion of flight.
You feel very buoyant.
You fly up into the air.
* * * LOW HITPOINT WARNING * * *
You feel sick. Crazy Yiuf misses you.
Crazy Yiuf glowers.
* * * LOW HITPOINT WARNING * * *
You feel sick.
You take 1 damage, and have 2/34 hp.
* * * LOW HITPOINT WARNING * * *
You feel sick.
Crazy Yiuf hits you with a quarterstaff of chaos!
You die...

#.#.# #.##.# #.# #.#.#
#.##.# #.######
#.#.###.##.########......#
#
##)#...#.##.........#####.#
###..>##.#.############ ###
......)).#..#
###...#÷.##.####♣♣♣♣♣
##.##..##.)##...♣.♣♣♣ ###
#.##.)###....@g.♣.(♣#...#
####.#...#
#......♣♣♣♣('(((#
.....#.#)# ##.#..♣♣ ♣♣#..)#
.........# ####♣♣ ###
.######.## .# #.# .# #.#
########### ### .# #.#
#...)†....# #.# .# #.#
#.######### #.#


You could see Crazy Yiuf.

Vanquished Creatures
  Robin (D:2)
  5 adders (D:2)
  4 gnolls (D:2)
  An ooze (D:1)
  A worm (D:2)
  A dart slug (D:1)
  3 leopard geckos (D:2)
  3 giant cockroaches
  14 goblins
  9 hobgoblins
  3 jackals (D:2)
  4 kobolds
  6 bats
  3 frilled lizards (D:1)
  6 rats
64 creatures vanquished.

Notes
Turn   | Place    | Note
-------+----------+-------------------------------------------
     0 | D:1      | mhoghedin the Halfling Hunter began the quest for the Orb.
     0 | D:1      | Reached XP level 1. HP: 14/14 MP: 1/1
     7 | D:1      | Reached skill level 6 in Slings
   159 | D:1      | Reached XP level 2. HP: 13/19 MP: 2/2
   357 | D:1      | Reached skill level 7 in Slings
   357 | D:1      | Reached XP level 3. HP: 24/24 MP: 3/3
   878 | D:2      | Reached XP level 4. HP: 29/29 MP: 4/4
   992 | D:2      | Reached skill level 8 in Slings
  1413 | D:2      | Reached XP level 5. HP: 34/34 MP: 5/5
  1423 | D:2      | Reached skill level 9 in Slings
  1581 | D:2      | Noticed Robin
  1588 | D:2      | Killed Robin
  1855 | D:2      | Found a runed door.
  2030 | D:2      | Noticed Crazy Yiuf
  2042 | D:2      | HP: 8/34 [Crazy Yiuf/quarterstaff of chaos (3)]
  2043 | D:2      | HP: 3/34 [poisoned by Crazy Yiuf]
  2048 | D:2      | HP: 1/34 [poisoned by Crazy Yiuf]
  2048 | D:2      | Mangled by Crazy Yiuf

Vault maps used:
D:1:      giann_horns
D:2:      uniq_robin, uniq_crazy_yiuf_cottage

Skill      XL: |  1  2  3  4  5 |
---------------+----------------+-----
Slings         | 6 7 8 9 |  9.5
Fighting       | |  1.7
Dodging        | |  2.1
Stealth        | |  1.1

Action                   |  1- 3 |  4- 6 || total
-------------------------+-------+-------++-------
 Fire: Hunting sling     |    67 |   153 ||   220
  Use: Potion            |       |     2 ||     2
  Eat: Chunk             |       |     3 ||     3
Armor: Leather armour    |     2 |     5 ||     7
Dodge: Dodged            |    12 |    24 ||    36

Table legend:
 A = Spawn XP
 B = Non-spawn XP
 C = Spawn XP percentage of total XP
 D = Spawn monster count
 E = Non-spawn monster count
 F = Spawn count percentage of total count
 G = Total turns spent on level
                    A         B        C        D         E        F      G
               +---------+---------+-------+---------+---------+-------+---------
         Total |       0 |     241 |   0.0 |       0 |      64 |   0.0 |  2048
               +---------+---------+-------+---------+---------+-------+---------
           D:1 |       0 |      38 |   0.0 |       0 |      21 |   0.0 |   673
           D:2 |       0 |     203 |   0.0 |       0 |      43 |   0.0 |  1375
               +---------+---------+-------+---------+---------+-------+---------

Vault maps used:
D:1:      giann_horns
D:2:      uniq_robin, uniq_crazy_yiuf_cottage

Table legend:
 A = Turns spent in this place as a percentage of turns spent in the entire game.
 B = Non-inter-level travel turns spent in this place as a percentage of non-inter-level travel turns spent in the entire game.
 C = Inter-level travel turns spent in this place as a percentage of turns spent in this place.
 D = Turns resting spent in this place as a percentage of non-inter-level travel turns spent in this place.
 E = Turns spent auto-exploring this place as a percentage of non-inter-level travel turns spent in this place.
 F = Non-inter-level travel turns spent in this place divided by the number of levels of this place that you've seen.
                   A       B       C       D       E      F
               +-------+-------+-------+-------+-------+----------------------
         Total | 100.0 | 100.0 |   1.8 |  22.1 |  61.7 | 1005.5
       Dungeon | 100.0 | 100.0 |   1.8 |  22.1 |  61.7 | 1005.5
               +-------+-------+-------+-------+-------+----------------------

Table legend:
 A = Kills in this place as a percentage of kills in entire the game.
 B = Kills by you in this place as a percentage of kills by you in the entire game.
 C = Kills by friends in this place as a percentage of kills by friends in the entire game.
 D = Other kills in this place as a percentage of other kills in the entire game.
 E = Experience gained in this place as a percentage of experience gained in the entire game.
 F = Experience gained in this place divided by the number of levels of this place that you have seen.
                   A       B       C       D       E      F
               +-------+-------+-------+-------+-------+----------------------
         Total | 100.0 | 100.0 |   N/A |   N/A | 100.0 | 120.5
       Dungeon | 100.0 | 100.0 |   N/A |   N/A | 100.0 | 120.5
               +-------+-------+-------+-------+-------+----------------------
